Map: Ley Lines

Players

kenO - Winner!

  • Race: Protoss Protoss
  • League: Diamond
  • Spawn Location: 7:00

Zero - Winner!

  • Race: Protoss Protoss
  • Spawn Location: 1:00

A.I. 2 (Very Easy)

  • Race: Zerg Zerg

VOD

Have the link to the VOD?

Description

asd

Time

  • Played on: Jan. 27, 2025, 6:32 a.m.
  • Length: 7:12
Show
View Real Time Build Order
Export as new Build Order

kenO Protoss - Winner!

Build Orders: 1 Gate Expand, Zealot Archon, Archon Drop 

Get SALT Encoding   

  12  0:00  Probe  
  13  0:12  Probe  
  14  0:19  Pylon  
  14  0:24  Probe  
  15  0:33  Probe  
  15  0:39  Gateway  
  15  0:41  Probe  
  16  0:47  Assimilator  
  17  0:51  Probe  
  18  1:03  Probe  
  19  1:16  Probe  
  20  1:23  Nexus  
  20  1:33  Cybernetics Core  
  20  1:35  Probe  
  21  1:41  Assimilator  
  21  1:48  Probe  
  22  1:54  Pylon  
  22  2:00  Probe, Stalker  
  23  2:10  Warp Gate  
  23  2:12  Probe  
  26  2:20  Robotics Facility  
  26  2:24  Shield Battery  
  26  2:27  Probe  
  27  2:31  Probe  
  28  2:37  Sentry  
  28  2:39  Probe  
  28  2:40  Probe  
  32  2:49  Probe  
  33  2:52  Probe  
  34  3:01  Probe  
  35  3:08  Observer  
  35  3:09  Probe  
  37  3:13  Probe  
  37  3:15  Pylon  
  37  3:18  Stalker  
  38  3:22  Probe  
  38  3:25  Probe  
  42  3:27  Immortal  
  42  3:34  Probe  
  43  3:37  Probe  
  48  3:42  Assimilator  
  48  3:44  Assimilator  
  48  3:46  Probe  
  48  3:47  Twilight Council  
  48  3:48  Forge  
  49  3:49  Probe  
  50  3:58  Probe  
  50  3:59  Pylon  
  50  4:02  Probe  
  52  4:10  Probe  
  52  4:11  Immortal, Gateway  
  52  4:13  Gateway  
  52  4:14  Probe, Protoss Ground Weapons Level 1  
  54  4:18  Charge  
  58  4:32  Probe  
  58  4:34  Pylon  
  59  4:40  Gateway  
  59  4:46  Templar Archives  
  59  4:51  Gateway  
  59  4:56  Gateway  
  59  5:01  Gateway  
  59  5:05  Zealot  
  61  5:09  Pylon  
  61  5:10  Zealot  
  63  5:15  Zealot  
  63  5:19  Pylon  
  65  5:21  Warp Prism  
  65  5:32  High Templar x2  
  71  5:36  Archon  
  71  5:38  High Templar x2  
  71  5:42  Pylon  
  75  5:47  Zealot, Pylon  
  77  5:52  Zealot  
  79  5:58  Archon  
  79  6:00  Pylon  
  79  6:01  Zealot  
  81  6:05  Zealot x2  
  85  6:12  Pylon  
  85  6:25  High Templar x2  
  87  6:27  Zealot x5  
  87  6:31  Pylon  
  99  6:33  Pylon  
  99  6:35  Archon  
  99  6:49  High Templar x2  
  99  6:51  Zealot x3  
  99  6:53  Archon  
  109  6:57  Zealot x2  
  113  7:02  Pylon  
  113  7:04  Pylon  
Show
View Real Time Build Order
Export as new Build Order

Zero Protoss - Winner!

Build Orders:  

Get SALT Encoding   

  12  0:01  Drone  
  13  0:13  Overlord  
  13  0:16  Drone  
  14  0:35  Spawning Pool  
  14  0:37  Extractor  
  14  0:40  Drone  
  13  0:47  Drone  
  14  0:52  Overlord  
  14  1:22  Queen  
  14  1:24  Zergling x2  
  17  1:32  Roach Warren  
  17  1:36  Drone  
  17  1:41  Extractor  
  17  1:44  Drone  
  17  1:53  Zergling x2  
  18  2:03  Drone  
  19  2:10  Drone  
  20  2:19  Drone  
  22  2:22  Zergling x2  
  22  2:29  Overlord  
  22  2:32  Drone  
  23  2:39  Drone  
  24  2:46  Drone  
  25  2:52  Roach  
  27  6:47  Zergling x2  
  27  6:53  Overlord  
  26  6:56  Drone  
Show
View Real Time Build Order
Export as new Build Order

A.I. 2 (Very Easy) Zerg 

Build Orders:  

Get SALT Encoding   

Tags
 
Add a new tag
Caveats
  • Supply blocks, unpowered buildings, or Contaminate may cause inaccurate times.
  • Supply counts are checked every 10 seconds.